 Dungeon Crawl Stone Soup version 0.30-a0-359-gd0147acb1a (webtiles) character file.

Game seed: 17975309391552202759

194 Maxmaps the Slasher (level 6, -4/47 HPs)
             Began as a Formicid Fighter on Nov 11, 2022.
             Slain by an orc
             ... wielding a +1 hand axe of distortion
              (6 damage)
             ... on level 3 of the Dungeon.
             The game lasted 00:02:42 (2805 turns).

Maxmaps the Slasher (Formicid Fighter)              Turns: 2805, Time: 00:02:42

Health: -4/47      AC:  6    Str: 22    XL:     6   Next: 3%
Magic:  6/6        EV:  9    Int:  8    God:
Gold:   204        SH:  5    Dex: 13    Spells: 5/5 levels left

rFire   . . .      SeeInvis +    a - +0 long sword
rCold   . . .      Faith    .    c - +0 buckler
rNeg    . . .      Spirit   .    b - +0 scale mail
rPois   .          Reflect  .    (helmet unavailable)
rElec   .          Harm     .    (no cloak)
rCorr   .          Rampage  .    (no gloves)
Will    .....                    (no boots)
Stlth   ..........               (no amulet)
HPRegen 0.27/turn                (no ring)
MPRegen 0.10/turn                (no ring)

@: no status effects
A: permanent stasis, dig shafts and tunnels, antennae 3, four strong arms
a: Dig, Shaft Self


You were on level 3 of the Dungeon.
You visited 1 branch of the dungeon, and saw 4 of its levels.

You collected 204 gold pieces.

Inventory:

Hand Weapons
 a - a +0 long sword (weapon)
Armour
 b - a +0 scale mail (worn)
 c - a +0 buckler (worn)
Scrolls
 e - a scroll of enchant weapon {unknown}
 f - 4 scrolls of identify {unknown}
 g - a scroll of enchant armour {unknown}
 h - 2 scrolls of silence {unknown}
 n - a scroll of torment {unknown}
 o - a scroll of poison {unknown}
 p - a scroll of fear {unknown}
 q - a scroll of immolation {unknown}
Potions
 d - a potion of might
 i - a potion of magic {unknown}
 j - 3 potions of degeneration {unknown}
 k - 3 potions of invisibility {unknown}
 l - a potion of attraction {unknown}
 m - a potion of haste {unknown}


   Skills:
 - Level 3.2 Fighting
 + Level 5.8 Long Blades
 - Level 3.2 Armour
 - Level 4.0 Shields


You had 5 spell levels left.
You didn't know any spells.
Your spell library contained the following spells:

 Spells                   Type           Power      Damage    Failure   Level
 Magic Dart               Conj           0%         1d3       80%         1
 Slow                     Hex            0%         N/A       80%         1
 Call Imp                 Summ           0%         N/A       91%         2
 Call Canine Familiar     Summ           0%         N/A       99%         3
 Confusing Touch          Hex            0%         N/A       99%         3
 Mephitic Cloud           Conj/Pois/Air  0%         N/A       99%         3
 Portal Projectile        Hex/Tloc       0%         N/A       99%         3
 Vampiric Draining        Necr           0%         2d6       99%         3
 Leda's Liquefaction      Hex/Erth       0%         N/A       100%        4


Dungeon Overview and Level Annotations

Branches:
Dungeon (4/15)
 Temple: D:4-7

Altars:

Shops:
D:1 [


Innate Abilities, Weirdness & Mutations

You cannot be hasted, slowed, berserked, paralysed or teleported.
You can dig through walls and to a lower floor.
You have a pair of large antennae on your head. (SInv)
Your four strong arms can wield two-handed weapons with a shield.


Message History

The ball python bites you but does no damage.
The ball python grabs you.
You stop ascending the stairs.
The ball python constricts you.
You hit the ball python.
You kill the ball python!
The quokka bites you but does no damage.
You block the orc's attack. The quokka barely misses you.
Unknown command.
The orc hits you with a +1 hand axe of distortion.
Space warps horribly around you! You block the quokka's attack.
You climb upwards.
There is a stone staircase leading down here.
Unknown command.
You hit the orc but do no damage. The quokka bites you. The orc misses you.
You hit the orc.
The orc is moderately wounded.
The quokka closely misses you.
The orc hits you with a +1 hand axe of distortion.
Space warps around you!
* * * LOW HITPOINT WARNING * * *
You are too injured to fight recklessly!
You hit the orc but do no damage.
The orc is moderately wounded.
The quokka barely misses you.
The orc hits you with a +1 hand axe of distortion.
* * * LOW HITPOINT WARNING * * *
Space warps around you.
* * * LOW HITPOINT WARNING * * *
The quokka bites you.
* * * LOW HITPOINT WARNING * * *
You hit the orc.
The orc is almost dead.
You block the orc's attack.
The quokka bites you but does no damage.
You completely miss the orc.
The orc is almost dead.
The orc closely misses you.
The quokka bites you but does no damage.
The orc hits you but does no damage. Space warps around you.
You die...

### #.##..(......####
#####.. #.#
#.######........# ##. #.#
#.## #...####.#### #.
#.###..# #.#..###....# #.
#.>###.#
#..#..#####.######.
#...##.# #..##.##
#........ #.#....#
#..##..# ########.
#.###..## #.[###.# #. #.#
#...# #.@###.## #######.
#.#
##..####or##...####.......
#.#
##....#..##........#####.
#.#
#..#....##.....###......
#.#
##.##..)##...#.#...####.
#.# #.###...#.......###
##. #.# #.###........#.##
#.. #.# #............#.###
#.. #.#
##....#...#.##...####..


You could see an orc and a quokka.

Vanquished Creatures
  An orc priest (D:2)
  Terence (D:2)
  An orc wizard (D:2)
  3 adders (D:2)
  2 worms (D:2)
  3 dart slugs
  8 orcs
  4 ball pythons
  7 endoplasms
  2 giant cockroaches (D:2)
  5 goblins
  4 hobgoblins
  4 jackals (D:1)
  2 kobolds
  2 quokkas
  9 bats
  2 frilled lizards
  5 rats
65 creatures vanquished.

Notes
Turn   | Place    | Note
-------+----------+-------------------------------------------
     0 | D:1      | Maxmaps the Formicid Fighter began the quest for the Orb.
     0 | D:1      | Reached XP level 1. HP: 18/18 MP: 1/1
   280 | D:1      | Reached XP level 2. HP: 24/24 MP: 2/2
   361 | D:1      | Reached skill level 3 in Long Blades
   567 | D:1      | Found Guibbewu's Armour Emporium.
   587 | D:1      | You fall into a shaft and drop 1 floor!
   652 | D:2      | Reached XP level 3. HP: 28/29 MP: 3/3
  1218 | D:2      | Reached skill level 4 in Long Blades
  1218 | D:2      | Reached XP level 4. HP: 26/35 MP: 4/4
  1288 | D:2      | Noticed Terence
  1299 | D:2      | Killed Terence
  1459 | D:2      | Reached XP level 5. HP: 24/37 MP: 5/5
  1472 | D:2      | Reached skill level 5 in Long Blades
  2572 | D:3      | Reached XP level 6. HP: 47/47 MP: 6/6
  2803 | D:3      | HP: 2/47 [orc/+1 hand axe of distortion (6)]
  2805 | D:3      | Slain by an orc

Illustrated notes

Levels and vault maps discovered:
D:1:      dpeg_arrival_rooms_a, layout_loops_corners, serial_shops,
          nicolae_shop_window_shopping
D:2:      cheibrodos_pilgrimage, layout_basic,
          wander_ebering_terrifying_dragon_lair, uniq_terence
D:3:      layout_rooms
D:4:      layout_cave_pools, mainiacjoe_overflow_big_doors,
          lemuel_temple_firewalk_b, solitary_fountain, serial_park_tiny_2,
          minmay_manual_mullet

Skill      XL: |  1  2  3  4  5 |
---------------+----------------+-----
Long Blades    | 3 4 5 |  5.8
Fighting       | |  3.2
Armour         | |  3.2
Shields        | |  4.0

Action                   |  1- 3 |  4- 6 || total
-------------------------+-------+-------++-------
Melee: Long sword        |    88 |   134 ||   222
 Abil: Dig               |       |     1 ||     1
Armor: Scale mail        |    49 |    50 ||    99
Dodge: Dodged            |    46 |    72 ||   118
Block: Buckler           |    28 |    35 ||    63

Table legend: (Time is in decaauts)
 A = Elapsed time spent in this place.
 B = Non-inter-level travel time spent in this place.
 C = Inter-level travel time spent in this place.
 D = Time resting spent in this place.
 E = Time spent auto-exploring this place.
 F = Levels seen in this place.
 G = Mean time per level.
                   A        B        C        D        E       F      G
               +--------+--------+--------+--------+--------+-----+--------+
         Total |   2852 |   2772 |     80 |    226 |   1971 |   4 |  713.0 |
       Dungeon |   2852 |   2772 |     80 |    226 |   1971 |   4 |  713.0 |
               +--------+--------+--------+--------+--------+-----+--------+

Top non-repeatable levels by time:
     D:2: 1335 daAuts
     D:1: 984 daAuts
     D:3: 516 daAuts
     D:4: 16 daAuts
